 Dungeon Crawl Stone Soup version 0.31-a0-626-g8143ab4f1d (webtiles) character file.

Game seed: 6975755911480358263

4207 shadowrider38 the Grappler (level 9, 0/74 HPs)
             Began as a Demigod Shapeshifter on Aug 24, 2023.
             Slain by a troll (6 damage)
             ... on level 7 of the Dungeon.
             The game lasted 00:12:04 (8614 turns).

shadowrider38 the Grappler (Demigod Shapeshifter)   Turns: 8614, Time: 00:12:04

Health: 0/74       AC:  8    Str: 28    XL:     9   Next: 82%
Magic:  11/11      EV: 11    Int: 10    God:
Gold:   318        SH:  0    Dex: 20    Spells: 8/8 levels left

rFire   + .          .
                       - Unarmed
rCold   . . .        (no shield)
rNeg    . . .        u - +0 chain mail
rPois   .            (helmet currently unavailable)
rElec   .            A - melded +1 cloak
rCorr   .            (gloves currently unavailable)
SInv    .            (boots currently unavailable)
Will    .....        N - amulet of the acrobat Stlth
                     f - ring of protection from fire
HPRegen 0.32/turn    m - +6 ring of dexterity
MPRegen 0.12/turn

%: acrobat
@: beast-form
A: beast (slay +4), high MP 1, forlorn, divine attributes
a: Begin Untransformation


You were on level 7 of the Dungeon.
You were a hulking beast.
You visited 1 branch of the dungeon, and saw 7 of its levels.
You also visited: Sewer and Ossuary.

You collected 318 gold pieces.

Inventory:

Hand Weapons
 g - the +6 whip "Arav Wuk" {heavy, rF+ rC+ Stlth+}
   (You found it on level 4 of the Dungeon)

   rF+:       It protects you from fire.
   rC+:       It protects you from cold.
   Stlth+:    It makes you more stealthy.
Missiles
 F - 2 curare-tipped darts
Armour
 u - a +0 chain mail (worn)
 A - a +1 cloak (melded)
 B - a +0 plate armour
 C - a +0 leather armour
 D - a +0 ring mail
 E - a +0 scale mail
 J - a +0 kite shield
 K - a +0 helmet
 M - a +0 helmet
Jewellery
 f - a ring of protection from fire (left hand)
 h - a ring of flight
 m - a +6 ring of dexterity (right hand)
 n - a ring of positive energy
 N - an amulet of the acrobat (around neck)
Talismans
 c - a beast talisman (active)
 d - a flux talisman
 e - a talisman of death
Wands
 I - a wand of iceblast (4)
Scrolls
 b - a scroll of blinking {unknown}
 j - a scroll of vulnerability
 k - 4 scrolls of fog
 l - 4 scrolls of fear
 q - a scroll of butterflies {unknown}
 t - a scroll of revelation
 x - 3 scrolls of poison
 y - 2 scrolls of noise {unknown}
 H - 2 scrolls of immolation {unknown}
 R - a scroll of identify
 T - 3 scrolls of teleportation
Potions
 a - 5 potions of attraction {unknown}
 i - 3 potions of mutation {unknown}
 o - 6 potions of brilliance
 p - 2 potions of might {unknown}
 r - 3 potions of haste {unknown}
 s - 2 potions of enlightenment
 v - a potion of resistance {unknown}
 w - a potion of lignification
 z - 2 potions of heal wounds
 G - a potion of berserk rage {unknown}
 L - 4 potions of curing {unknown}


   Skills:
 + Level 5.2 Fighting
 + Level 2.1 Armour
 + Level 4.6 Dodging
 + Level 9.3 Unarmed Combat
 - Level 7.0 Shapeshifting


You had 8 spell levels left.
You didn't know any spells.
Your spell library contained the following spells:

 Spells                   Type           Power      Damage    Failure   Level
 Slow                     Hex            0%         N/A       87%         1
 Sting                    Tmut/Pois      0%         1d3       87%         1
 Blink                    Tloc           0%         N/A       95%         2
 Ensorcelled Hibernation  Hex/Ice        0%         N/A       95%         2
 Lesser Beckoning         Tloc           0%         N/A       95%         2
 Momentum Strike          Conj/Tloc      0%         3d8       95%         2
 Passwall                 Tmut/Erth      0%         N/A       95%         2
 Poisonous Vapours        Pois/Air       0%         N/A       95%         2
 Confusing Touch          Hex            0%         N/A       99%         3
 Mephitic Cloud           Conj/Pois/Air  0%         N/A       99%         3
 Stone Arrow              Conj/Erth      0%         3d7       99%         3
 Swiftness                Air            0%         N/A       99%         3
 Vampiric Draining        Necr           0%         2d6       99%         3
 Animate Armour           Summ/Erth      0%         N/A       100%        4
 Olgreb's Toxic Radiance  Pois           0%         N/A       100%        4
 Freezing Cloud           Conj/Ice/Air   0%         6-21      100%        5
 Lehudib's Crystal Spear  Conj/Erth      0%         10d2      100%        8


Dungeon Overview and Level Annotations

Branches:
Dungeon (7/15)             Temple (0/1) D:5           Sewer (visited)
Ossuary (visited)


Innate Abilities, Weirdness & Mutations

You are a hulking beast.
Your limbs bulge with bestial killing power. (Slay +4)
You have an increased reservoir of magic. (+10% MP)
You shall have no god before yourself.
Your divine heritage dramatically boosts your attributes as you level up.


Message History

You start resting.
HP restored.
I - a wand of iceblast (4)
N - an amulet of the acrobat (around neck)
Things that are here:
a +0 mace; a +0 chain mail; an orc corpse A bullfrog comes into view.
Things that are here:
a +3 battleaxe of freezing; a +0 robe The bullfrog snags a nearby baby bat with its tongue.
Things that are here:
a +0 mace; a +0 chain mail; an orc corpse You pummel the bullfrog!!
The bullfrog is almost dead.
The bullfrog hits you.
You punch the bullfrog!
You kill the bullfrog!
Your life force feels restored.
No target in view!
No target in view!
Things that are here:
a +3 battleaxe of freezing; a +0 robe
Found three altars.
a - 5 grey potions (gained 1)
A troll and a white imp come into view.
Found a short sword and a condenser vane.
The troll shouts!
The white imp shouts, "Decamp, thou surly tardy-gaited giglet!"
You hear a bellow!
You hear an angry buzzing noise.
You hear a shout!
A boulder beetle comes into view.
You hear a shout!
The troll attacks as it pursues you! The troll bites you but does no damage.
The troll claws you! The troll claws you.
You punch the troll!
The troll is moderately wounded.
The troll closely misses you. The troll barely misses you. The troll claws you!
You punch the troll!
The troll is heavily wounded.
You hit the troll. You punch the troll!
The troll is almost dead.
The troll bites you. The troll claws you! x2
You closely miss the troll.
The troll is almost dead.
The troll bites you!
* * * LOW HITPOINT WARNING * * *
The troll claws you!
* * * LOW HITPOINT WARNING * * *
The troll claws you.
You die...

#.......# ##....)).
#####..## #.#####.
#..###### #.......
#>......# #..##### ####
#.##..#.###..##.... ..#
##...........##.....
#.###..#######..##..#...
#.##..##T# ..# #..#....
#....##h#.# #.###.#.._._
#.#.##.###)5 #.#......#.
#.#####.#.#.##
##.##...#.._._
#.........#.#
B#....#....
########..#.# #..#..#...
#..#.# #..##..#.#
#..#.## ##.####....
##.##.## ##.###.....#
#..##.#####.###..#.)##


You could see a troll.

Vanquished Creatures
  Grinder (D:5)
  A wraith (Ossuary)
  A steam dragon (D:7)
  A water moccasin (D:6)
  A sky beast (D:7)
  2 orc warriors (D:7)
  A black bear (D:6)
  A hornet zombie (D:7)
  2 ogres
  An ice beast (D:5)
  A phantom (D:5)
  5 bullfrogs
  3 elf skeletons (D:5)
  A gnoll sergeant (D:7)
  4 scorpions
  2 necrophages (D:7)
  5 wyvern zombies (D:7)
  A water moccasin zombie (D:7)
  6 wights (D:7)
  A hornet simulacrum (D:7)
  2 human zombies
  A jelly (D:6)
  A bullfrog zombie (D:7)
  A centaur zombie (D:7)
  2 iguanas
  7 orc priests
  4 hounds
  Terence (D:2)
  2 sleepcaps
  6 orc wizards
  2 killer bee zombies (D:7)
  3 mummies (Ossuary)
  A howler monkey zombie (D:7)
  11 gnolls
  5 river rats
  9 adders
  A shadow imp (D:7)
  2 white imps
  A worm (D:3)
  6 dart slugs
  16 orcs
  4 endoplasms
  5 giant cockroaches
  8 goblins
  5 hobgoblins
  3 jackals (D:4)
  2 quokkas (D:2)
  25 ball pythons
  5 frilled lizards
  2 goblin zombies (Ossuary)
  6 hobgoblin zombies (Ossuary)
  5 kobolds
  2 orc skeletons (D:5)
  2 orc zombies (Ossuary)
  28 rats
227 creatures vanquished.

Notes
Turn   | Place    | Note
-------+----------+-------------------------------------------
     0 | D:1      | shadowrider38 the Demigod Shapeshifter began the quest for
                  | the Orb.
     0 | D:1      | Reached XP level 1. HP: 15/15 MP: 3/3
   190 | D:1      | Reached skill level 3 in Unarmed Combat
   405 | D:1      | Reached XP level 2. HP: 22/23 MP: 4/4
   991 | D:2      | Reached XP level 3. HP: 29/29 MP: 5/5
  1419 | D:2      | Noticed Terence
  1451 | D:3      | Noticed a scorpion
  1462 | D:3      | Killed a scorpion
  1463 | D:3      | Reached skill level 4 in Unarmed Combat
  1463 | D:3      | Reached XP level 4. HP: 20/37 MP: 6/6
  1577 | D:3      | Found a glowing drain.
  1627 | Sewer    | Entered a sewer
  1699 | Sewer    | Reached XP level 5. HP: 23/42 MP: 7/7
  1708 | Sewer    | HP: 2/42 [frilled lizard (1)]
  2039 | Sewer    | Reached skill level 5 in Unarmed Combat
  2074 | Sewer    | Reached skill level 3 in Fighting
  2146 | Sewer    | Reached XP level 6. HP: 51/51 MP: 8/8
  2358 | D:2      | Killed Terence
  2853 | D:4      | Reached skill level 6 in Unarmed Combat
  3156 | D:4      | Identified the +6 whip "Arav Wuk" {heavy, rF+ rC+ Stlth+}
  3214 | D:5      | Entered Level 5 of the Dungeon
  3232 | D:5      | Noticed Grinder
  3242 | D:5      | Killed Grinder
  3243 | D:5      | Reached skill level 3 in Shapeshifting
  3243 | D:5      | Reached XP level 7. HP: 52/60 MP: 9/9
  3388 | D:5      | Found a sand-covered staircase.
  3401 | Ossuary  | Entered an ossuary
  3401 | Ossuary  | Noticed a wraith
  3401 | Ossuary  | Noticed a wraith
  3401 | Ossuary  | Noticed a wraith
  3507 | Ossuary  | Reached skill level 3 in Dodging
  3834 | Ossuary  | Noticed a wraith
  3970 | Ossuary  | Killed a wraith
  4212 | D:5      | Reached XP level 8. HP: 60/67 MP: 10/10
  4307 | D:5      | Reached skill level 7 in Unarmed Combat
  4913 | D:5      | Found a staircase to the Ecumenical Temple.
  5639 | D:6      | Reached skill level 8 in Unarmed Combat
  6227 | D:6      | Reached XP level 9. HP: 52/72 MP: 11/11
  7289 | D:7      | Reached skill level 9 in Unarmed Combat
  8609 | D:7      | Noticed a boulder beetle
  8614 | D:7      | Slain by a troll

Illustrated notes

Levels and vault maps discovered:
D:1:      minmay_arrival_shattered_statue, layout_loops_ring,
          basic_ecumenical_altar
D:2:      layout_loops_cross, basic_altar, kennysheep_generic_room_7,
          uniq_terence
D:3:      layout_basic, gup_sewer_entry_bowl
D:4:      layout_rooms
D:5:      layout_loops_cross, minmay_temple_entry_statues_pillars,
          nicolae_ossuary_entry_catacombs, uniq_grinder
D:6:      layout_basic, tso_oasis_becter
D:7:      minmay_the_grid_octo_triangle [minmay_the_grid_octo_shrine,
          minmay_the_grid_octo_prize_single_spiral,
          minmay_the_grid_octo_fat_diamond], layout_loops_ring, vehumet_statue,
          lemuel_mausoleum_altar_yredelemnul, dilly_guarded_unrand_morg

Skill      XL: |  1  2  3  4  5  6  7  8  9 |
---------------+----------------------------+-----
Fighting       | 1 2 3 4 5 |  5.2
Unarmed Combat | 3 4 5 6 8 9 |  9.3
Dodging        | 2 3 4 |  4.6
Shapeshifting  | 3 4 5 7 |  7.0
Armour         | 2 |  2.1

Action                     |  1- 3 |  4- 6 |  7- 9 || total
---------------------------+-------+-------+-------++-------
  Melee: Unarmed           |    96 |   215 |   436 ||   747
         Punch             |       |     3 |    25 ||    28
    Use: Potion            |       |     1 |     1 ||     2
         Scroll            |       |     6 |     5 ||    11
 Armour: Animal skin       |     5 |       |       ||     5
         Scale mail        |    17 |    68 |       ||    85
         Skin              |       |    86 |       ||    86
         Chain mail        |       |    18 |   130 ||   148
  Dodge: Dodged            |    42 |   143 |   161 ||   346
   Form: Beast             |       |       |     1 ||     1
         Flux              |       |       |     1 ||     1

Table legend: (Time is in decaauts)
 A = Elapsed time spent in this place.
 B = Non-inter-level travel time spent in this place.
 C = Inter-level travel time spent in this place.
 D = Time resting spent in this place.
 E = Time spent auto-exploring this place.
 F = Levels seen in this place.
 G = Mean time per level.
                   A        B        C        D        E       F      G
               +--------+--------+--------+--------+--------+-----+--------+
         Total |   8549 |   8164 |    385 |   2013 |   4299 |   9 |  949.9 |
       Dungeon |   7159 |   6774 |    385 |   1458 |   3834 |   7 | 1022.7 |
         Sewer |    642 |    642 |      0 |    263 |    148 |   1 |  642.0 |
       Ossuary |    746 |    746 |      0 |    291 |    317 |   1 |  746.0 |
               +--------+--------+--------+--------+--------+-----+--------+

Top non-repeatable levels by time:
     D:6: 1809 daAuts
     D:7: 1638 daAuts
     D:5: 1123 daAuts
     D:1: 867 daAuts
     D:2: 761 daAuts
 Ossuary: 746 daAuts
   Sewer: 642 daAuts
     D:3: 587 daAuts
     D:4: 371 daAuts
